 Dungeon Crawl Stone Soup version 0.27.0-1-g7a089689b8 (webtiles) character file.

Game seed: 6455222264085982834

72 Sobieck the Cudgeller (level 4, 0/44 HPs)
             Began as an Ogre Warper on Aug 11, 2021.
             Slain by Jessica (1 damage)
             ... on level 2 of the Dungeon.
             The game lasted 00:04:20 (2605 turns).

Sobieck the Cudgeller (Ogre Warper)                 Turns: 2605, Time: 00:04:21

Health: 0/44       AC:  3    Str: 15    XL:     4   Next: 25%
Magic:  7/7        EV:  9    Int: 15    God:
Gold:   34         SH:  0    Dex:  8    Spells: 2/7 levels left

rFire    . . .     SeeInvis .   a - +0 mace {mace}
rCold    . . .     Faith    .   (no shield)
rNeg     . . .     Spirit   .   b - +0 robe
rPois    .         Reflect  .   (helmet restricted)
rElec    .         Harm     .   (no cloak)
rCorr    .         Rampage  .   (gloves unavailable)
Will     .....                  (boots unavailable)
Stlth    +.........             (no amulet)
HPRegen  0.14/turn              (no ring)
MPRegen  0.10/turn              (no ring)

@: slowed, very slow
A: large, unfitting armour, tough skin 1
a: no special abilities


You were on level 2 of the Dungeon.
You visited 1 branch of the dungeon, and saw 2 of its levels.

You collected 34 gold pieces.


Innate Abilities, Weirdness & Mutations

You are too large for most types of armour.
You have tough skin. (AC +1)


   Skills:
 - Level 2.6 Fighting
 * Level 3.5 Maces & Flails
 - Level 1.0 Throwing
 - Level 2.1 Dodging
 - Level 2.4 Spellcasting
 + Level 3.2 Translocations


You had 2 spell levels left.
You knew the following spells:

 Your Spells              Type           Power      Damage    Failure   Level
a - Blink                 Tloc           N/A        N/A       9%          2
b - Gell's Gravitas       Tloc           5%         N/A       17%         3

Your spell library contained the following spells:

 Spells                   Type           Power      Damage    Failure   Level
 Lesser Beckoning         Tloc           5%         N/A       17%         3
 Teleport Other           Tloc           11%        N/A       17%         3
 Manifold Assault         Tloc           11%        N/A       85%         5

Inventory:

Hand Weapons
 a - a +0 mace (weapon) {mace}
Missiles
 d - 5 boomerangs of dispersal {=f!fthrowing}
 g - 17 bolts
 i - 16 poisoned darts {throwing}
 j - 67 stones (quivered) {throwing}
Armour
 b - a +0 robe (worn)
Magical Staves
 k - a staff of conjuration {!a@e2staff}
   (You found it on level 1 of the Dungeon)
Scrolls
 c - a scroll of blinking {!r}
 m - a scroll of identify {unknown}
 n - a scroll of brand weapon {unknown}
Potions
 e - a potion of might {unknown}
 f - 2 potions of ambrosia {unknown}
 h - 2 potions of brilliance {unknown}
 l - 2 potions of attraction {unknown}

Dungeon Overview and Level Annotations

Branches:
Dungeon (2/15)

Altars:

Annotations:
D:2 Jessica

#### #.. #.#####.##
#### #.<......# ###.#
#.. #.#####..# ....#
#.# #.# .# #
####'#####(#####..# #
#.................#
####.....####.(.@..#.#
.........#
#..(@........
.........#
#.##..#.#.###
.........# #. #....#.#
.........# #. ...### #
.........# #######
.........# ....######
....#


You could see Jessica (fast).


Message History

Danger!
Unknown command.
The endoplasm quivers.
The endoplasm freezes you.
You are frozen.
You barely miss the endoplasm.
The endoplasm hits you but does no damage.
You barely miss the endoplasm. The endoplasm closely misses you. x2
You barely miss the endoplasm.
The endoplasm hits you but does no damage.
You thump the endoplasm!
You kill the endoplasm!
No target in view!
n - a scroll labelled UNUKALI XUUNK Unknown command.
A rat comes into view.
Danger!
The rat misses you.
You hit the rat.
You kill the rat!
No target in view!
j - 46 stones {throwing} (gained 1)
j - 49 stones {throwing} (gained 3)
j - 67 stones {throwing} (gained 18)
A ball python comes into view.
There is an open door here.
Danger!
The ball python hisses angrily.
The ball python closely misses you.
You hit the ball python.
You kill the ball python!
No target in view!
A bat comes into view.
The bat moves out of view.
Unknown command.
A bat is nearby!
Danger!
The bat hits you. The bat hits you but does no damage.
You hit the bat.
You kill the bat!
No target in view!
A frilled lizard is nearby!
Danger!
You hit the frilled lizard.
You kill the frilled lizard!
No target in view!
No target in view!
Jessica is nearby!
Danger!
Jessica shouts!
Unknown command.
Jessica mumbles some strange words.
Jessica blinks!
Jessica hits you with a +2 dagger of freezing.
Jessica freezes you.
Unknown command.
You thump Jessica!
Jessica says, "I'm really upset."
Jessica points at you and mumbles some strange words.
Pain shoots through your body!
You barely miss Jessica.
Jessica mumbles some strange words.
Jessica seems to speed up.
Unknown command.
You closely miss Jessica.
Jessica points at you and mumbles some strange words.
You feel yourself slow down. Jessica hits you but does no damage.
You closely miss Jessica.
Jessica drinks a potion.
Jessica is healed!
Jessica hits you with a +2 dagger of freezing.
Jessica freezes you. Jessica barely misses you.
You barely miss Jessica.
Jessica shouts, "You are a ghastly nuisance!"
Jessica hits you with a +2 dagger of freezing.
Jessica freezes you.
* * * LOW HITPOINT WARNING * * *
Jessica barely misses you.
Jessica points at you and mumbles some strange words.
You barely resist.
Unknown command.
You barely miss Jessica. Jessica barely misses you.
Jessica hits you with a +2 dagger of freezing.
* * * LOW HITPOINT WARNING * * *
Jessica freezes you.
* * * LOW HITPOINT WARNING * * *
Jessica gestures wildly while chanting.
Jessica blinks!
Unknown command.
Jessica hits you with a +2 dagger of freezing.
* * * LOW HITPOINT WARNING * * *
Jessica freezes you.
* * * LOW HITPOINT WARNING * * *
Jessica hits you with a +2 dagger of freezing.
* * * LOW HITPOINT WARNING * * *
Jessica freezes you.
* * * LOW HITPOINT WARNING * * *
You closely miss Jessica.
Jessica hits you with a +2 dagger of freezing.
* * * LOW HITPOINT WARNING * * *
Jessica freezes you.
You die...

Skill      XL: |  1  2  3 |
---------------+----------+-----
Maces & Flails | 2 3 |  3.5
Translocations | 3 |  3.2
Fighting       | |  2.6
Throwing       | |  1.0
Dodging        | |  2.1
Spellcasting   | |  2.4

Action                   |  1- 3 |  4- 6 || total
-------------------------+-------+-------++-------
Melee: Mace              |   135 |    38 ||   173
Throw: Stone             |    38 |     8 ||    46
Armor: Robe              |    39 |    25 ||    64
Dodge: Dodged            |    79 |    29 ||   108

Levels and vault maps discovered:
D:1:      elethiomel_arrival_shortcut, layout_basic,
          hellmonk_ecumenical_altar_inner_sanctum
D:2:      layout_basic, basic_altar, uniq_jessica

Notes
Turn   | Place    | Note
-------+----------+-------------------------------------------
     0 | D:1      | Sobieck the Ogre Warper began the quest for the Orb.
     0 | D:1      | Reached XP level 1. HP: 22/22 MP: 3/3
    98 | D:1      | Reached skill level 2 in Maces & Flails
   274 | D:1      | Reached XP level 2. HP: 20/29 MP: 5/5
   559 | D:1      | You pick up a book of Spatial Translocations and begin
                  | reading...
   807 | D:1      | Learned a level 2 spell: Blink
   950 | D:1      | Reached skill level 3 in Maces & Flails
   955 | D:1      | HP: 7/29 [kobold (3)]
  1296 | D:1      | Reached XP level 3. HP: 36/36 MP: 6/6
  1300 | D:1      | Learned a level 3 spell: Gell's Gravitas
  1937 | D:1      | Reached skill level 3 in Translocations
  1962 | D:1      | Found a faded altar of an unknown god.
  2070 | D:2      | Noticed Jessica
  2176 | D:2      | Reached XP level 4. HP: 44/44 MP: 7/7
  2604 | D:2      | HP: 11/44 [Jessica (4)]
  2604 | D:2      | HP: 4/44 [Jessica (6)]
  2605 | D:2      | HP: 1/44 [Jessica (1)]
  2605 | D:2      | Slain by Jessica

Vanquished Creatures
  A gnoll (D:1)
  2 worms (D:2)
  A dart slug (D:1)
  6 endoplasms
  2 giant cockroaches (D:1)
  A goblin (D:2)
  4 hobgoblins
  11 jackals (D:1)
  6 kobolds
  2 quokkas (D:1)
  2 ball pythons
  3 bats
  4 frilled lizards (D:2)
  2 rats
47 creatures vanquished.

Table legend:
 A = Non-vault XP
 B = Vault XP
 C = Vault XP percentage of total XP
 D = Non-vault monster count
 E = Vault monster count
 F = Vault count percentage of total count
                 A         B        C        D         E       F
            +---------+---------+-------+---------+---------+-------
      Total |     103 |       0 |   0.0 |      47 |       0 |   0.0
            +---------+---------+-------+---------+---------+-------
        D:1 |      75 |       0 |   0.0 |      33 |       0 |   0.0
        D:2 |      28 |       0 |   0.0 |      14 |       0 |   0.0
            +---------+---------+-------+---------+---------+-------

Illustrated notes

Table legend:
 A = Kills in this place as a percentage of kills in entire the game.
 B = Kills by you in this place as a percentage of kills by you in the entire game.
 C = Kills by friends in this place as a percentage of kills by friends in the entire game.
 D = Other kills in this place as a percentage of other kills in the entire game.
 E = Experience gained in this place as a percentage of experience gained in the entire game.
 F = Experience gained in this place divided by the number of levels of this place that you have seen.
                   A       B       C       D       E      F
               +-------+-------+-------+-------+-------+----------------------
         Total | 100.0 | 100.0 |   N/A |   N/A | 100.0 |  51.5
       Dungeon | 100.0 | 100.0 |   N/A |   N/A | 100.0 |  51.5
               +-------+-------+-------+-------+-------+----------------------

Table legend: (Time is in decaauts)
 A = Elapsed time spent in this place.
 B = Non-inter-level travel time spent in this place.
 C = Inter-level travel time spent in this place.
 D = Time resting spent in this place.
 E = Time spent auto-exploring this place.
 F = Levels seen in this place.
 G = Mean time per level.
                   A        B        C        D        E       F      G
               +--------+--------+--------+--------+--------+-----+--------+
         Total |   2653 |   2614 |     39 |    511 |   1670 |   2 | 1326.5 |
       Dungeon |   2653 |   2614 |     39 |    511 |   1670 |   2 | 1326.5 |
               +--------+--------+--------+--------+--------+-----+--------+

Top non-repeatable levels by time:
     D:1: 2127 daAuts
     D:2: 526 daAuts
